 Dungeon Crawl Stone Soup version 0.32-a0-837-g8d3e27d251 (webtiles) character file.

Game seed: 12267320150939410966

717 Ajdolov the Cudgeller (level 7, -5/61 HPs)
             Began as an Armataur Fighter on Mar 26, 2024.
             Was a Follower of Trog.
             Slain by an ogre
             ... wielding a +0 giant spiked club
              (20 damage)
             ... on level 5 of the Dungeon.
             The game lasted 00:06:02 (3637 turns).

Ajdolov the Cudgeller (Armataur Fighter)            Turns: 3637, Time: 00:06:02

Health: -5/61      AC:  6    Str: 23      XL:     7   Next: 42%
Magic:  7/7        EV:  6    Int:  9      God:    Trog [*.....]
Gold:   149        SH:  4    Dex:  8 (9)  Spells: 6/6 levels left

rFire   + . .        a - +0 flail
rCold   . . .        c - +0 buckler
rNeg    . . .        b - +0 scale mail
rPois   .            (no helmet)
rElec   .            (no cloak)
rCorr   .            (no gloves)
SInv    +            (no barding)
Will    .....        (no amulet) Stlth
                     m - ring of see invisible
HPRegen 0.30/turn    g - ring of protection from fire
MPRegen 0.10/turn

%: roll
@: no status effects
A: large, deformed body, tough skin 3, armoured tail, rollpage 2
a: Renounce Religion, Berserk


You were on level 5 of the Dungeon.
You worshipped Trog.
Trog was aware of your devotion.
You visited 1 branch of the dungeon, and saw 5 of its levels.

You collected 219 gold pieces.
You spent 70 gold pieces at shops.

Inventory:

Hand Weapons
 a - a +0 flail (weapon)
Armour
 b - a +0 scale mail (worn)
 c - a +0 buckler (worn)
 p - a +0 plate armour
Jewellery
 g - a ring of protection from fire (right hand)
 m - a ring of see invisible (left hand)
Scrolls
 e - a scroll of identify
 h - a scroll of enchant weapon
 i - a scroll of silence
 n - a scroll of revelation
 o - a scroll of torment
 r - a scroll of brand weapon
 s - a scroll of blinking
 t - 2 scrolls of teleportation
Potions
 d - a potion of might
 f - 3 potions of curing


   Skills:
 - Level 5.0 Fighting
 + Level 6.4 Maces & Flails
 - Level 3.6 Armour
 - Level 3.2 Shields


You had 6 spell levels left.
You didn't know any spells.
Your spell library was empty.

Dungeon Overview and Level Annotations

Branches:
Dungeon (5/15)             Temple (0/1) D:4

Altars:
Fedhas
Gozag
Hepliaklqana
Trog
Uskayaw

Shops:
D:4 ?

Annotations:
D:3 2 transporters, Villent's ghost, amateur DsGl


Innate Abilities, Weirdness & Mutations

Armour fits poorly on your strangely shaped body.
You have extremely tough skin. (AC +3)
You have a long armoured tail.
You regenerate magic and health when rolling toward enemies. (Rampage Regen)


Message History

You are no longer poisoned.
You feel yourself speed up.
You recover from your berserk rage.
HP restored.
A ribbon worm comes into view.
Found a stone staircase leading up.
The ribbon worm moves out of view.
A ribbon worm is nearby!
Found a notched bronze ring.
Found a stone staircase leading down.
You block the ribbon worm's attack.
You completely miss the ribbon worm. The ribbon worm barely misses you.
You sock the ribbon worm! You tail-slap the ribbon worm!
The ribbon worm is almost dead.
The ribbon worm expels a string of sticky webbing.
The stream of webbing misses you.
You hit the ribbon worm.
You kill the ribbon worm!
Trog accepts your kill.
No target in view!
No target in view!
g - a ring of protection from fire
g - a ring of protection from fire (right hand)
Found 5 stones.
You drop a +6 ring of intelligence.
Found a ring mail.
An ogre comes into view. It is wielding a +0 giant spiked club.
You roll towards the ogre!
You hit the ogre.
Your tail-slap misses the ogre.
The ogre is lightly wounded.
The ogre hits you with a +0 giant spiked club!!
You hit the ogre.
The ogre is moderately wounded.
You barely miss the ogre.
The ogre is moderately wounded.
The ogre hits you with a +0 giant spiked club!!
* * * LOW HITPOINT WARNING * * *
Unknown command.
You sock the ogre! You tail-slap the ogre.
The ogre is almost dead.
The ogre hits you with a +0 giant spiked club!!
You die...

#..##.#..#
#..#.<#..#
#..#.##..#
#########........#
###.......##>......#
..........####.#####
#.......# #.#
#.#.###.......####.#
#.....O@[.......=..#
###.###..(....######
...........#
############


You could see an ogre.

Vanquished Creatures
  Eustachio (D:5)
  Menkaure (D:5)
  A centaur (D:5)
  A scorpion (D:5)
  2 jellies (D:5)
  A hound (D:5)
  An iguana (D:5)
  Jessica (D:2)
  3 gnolls (D:5)
  6 adders
  A white imp (D:5)
  An ufetubus (D:5)
  4 dart slugs
  A ribbon worm (D:5)
  6 endoplasms
  A giant cockroach (D:1)
  4 goblins
  5 hobgoblins
  7 jackals
  3 quokkas
  7 ball pythons
  2 bats (D:2)
  4 frilled lizards
  4 kobolds
  5 rats
73 creatures vanquished.

Notes
Turn   | Place    | Note
-------+----------+-------------------------------------------
     0 | D:1      | Ajdolov the Armataur Fighter began the quest for the Orb.
     0 | D:1      | Reached XP level 1. HP: 18/18 MP: 1/1
   350 | D:1      | Reached XP level 2. HP: 26/26 MP: 2/2
   672 | D:2      | Noticed Jessica
   692 | D:2      | Killed Jessica
   693 | D:2      | Reached XP level 3. HP: 29/33 MP: 3/3
   817 | D:2      | Found a faded altar of an unknown god.
   914 | D:2      | Prayed at the altar of an unknown god.
   914 | D:2      | Became a worshipper of Trog the Wrathful
   914 | D:2      | Reached * piety under Trog
  1003 | D:2      | Reached XP level 4. HP: 41/41 MP: 4/4
  1771 | D:3      | Reached skill level 5 in Fighting
  1863 | D:3      | Found a transporter.
  1864 | D:3      | Found a transporter.
  1864 | D:3      | Noticed Villent's ghost (amateur DsGl)
  1864 | D:3      | Noticed an ogre
  1866 | D:3      | Noticed an ogre
  2014 | D:4      | Reached skill level 2 in Maces & Flails
  2018 | D:4      | Found a staircase to the Ecumenical Temple.
  2175 | D:4      | Reached ** piety under Trog
  2208 | D:4      | Found Unacvyur's Magic Scroll Shop.
  2229 | D:4      | Bought a scroll of teleportation for 42 gold pieces
  2229 | D:4      | Bought a scroll of identify for 28 gold pieces
  2305 | D:4      | Found a hazy altar of Hepliaklqana.
  2434 | D:4      | Identified the +11 whip "Baoff" {spect, rF+ rN+}
  2559 | D:5      | Entered Level 5 of the Dungeon
  2568 | D:5      | Reached XP level 5. HP: 48/48 MP: 5/5
  2593 | D:5      | Reached skill level 3 in Maces & Flails
  2650 | D:5      | Noticed a centaur
  2760 | D:5      | Killed a centaur
  2761 | D:5      | Reached skill level 4 in Maces & Flails
  2761 | D:5      | Reached XP level 6. HP: 56/56 MP: 6/6
  3041 | D:5      | Found a hide-covered altar of Uskayaw.
  3145 | D:5      | Noticed Eustachio
  3193 | D:5      | HP: 2/56 [Eustachio/+1 rapier of electrocution (20)]
  3197 | D:5      | Killed Eustachio
  3198 | D:5      | Reached skill level 5 in Maces & Flails
  3198 | D:5      | Gained mutation: You regenerate magic and health when
                  | rolling toward enemies. (Rampage Regen) [Armataur growth]
  3198 | D:5      | Reached XP level 7. HP: 32/61 MP: 7/7
  3333 | D:5      | Found an opulent altar of Gozag.
  3466 | D:5      | Found a blossoming altar of Fedhas.
  3513 | D:5      | Noticed Menkaure
  3526 | D:5      | Killed Menkaure
  3527 | D:5      | Reached skill level 6 in Maces & Flails
  3637 | D:5      | Slain by an ogre

Illustrated notes

Levels and vault maps discovered:
D:1:      saegor_arrival_miasma, layout_basic
D:2:      layout_rooms, chequers_ecumenical_altar_twisty, kennysheep_potato,
          uniq_jessica
D:3:      layout_loops_ring, gammafunk_ghost_smash, nrook_campfire,
          minmay_misc_feat_square
D:4:      layout_cave_pools, mainiacjoe_overflow_small_starburst, temple_green,
          serial_shops, nicolae_shop_hallway_plus, minivault_14
D:5:      minmay_skewed_foursquare, layout_loops_cross, grunt_gozag_breadcrumbs,
          eat_drink_and_be_merry_uskayaw, fedhas_altar_4, uniq_menkaure,
          uniq_eustachio

Skill      XL: |  1  2  3  4  5  6  7 |
---------------+----------------------+-----
Fighting       | 3 4 5 |  5.0
Maces & Flails | 2 4 5 6 |  6.4
Armour         | |  3.6
Shields        | |  3.2

Action                     |  1- 3 |  4- 6 |  7- 9 || total
---------------------------+-------+-------+-------++-------
  Melee: Flail             |    88 |   165 |    21 ||   274
         Tailslap          |     5 |    10 |     3 ||    18
 Invoke: Berserk           |       |     5 |     1 ||     6
         Trog's Hand       |       |     1 |       ||     1
    Use: Scroll            |       |     9 |     2 ||    11
         Potion            |       |     3 |       ||     3
 Armour: Scale mail        |    62 |   197 |    17 ||   276
  Dodge: Dodged            |    35 |    61 |     5 ||   101
  Block: Buckler           |    17 |    55 |     2 ||    74

Table legend: (Time is in decaauts)
 A = Elapsed time spent in this place.
 B = Non-inter-level travel time spent in this place.
 C = Inter-level travel time spent in this place.
 D = Time resting spent in this place.
 E = Time spent auto-exploring this place.
 F = Levels seen in this place.
 G = Mean time per level.
                   A        B        C        D        E       F      G
               +--------+--------+--------+--------+--------+-----+--------+
         Total |   3780 |   3705 |     75 |    278 |   2658 |   5 |  756.0 |
       Dungeon |   3780 |   3705 |     75 |    278 |   2658 |   5 |  756.0 |
               +--------+--------+--------+--------+--------+-----+--------+

Top non-repeatable levels by time:
     D:5: 923 daAuts
     D:3: 850 daAuts
     D:4: 812 daAuts
     D:1: 647 daAuts
     D:2: 546 daAuts
